 Dungeon Crawl Stone Soup version 0.24-a0-458-gfcb5e6da0e (webtiles) character file.

Game seed: 15622484280175796113

700 Ijustatesigmund the Fighter (level 7, 75/81 HPs)
             Began as an Ogre Hunter on June 27, 2019.
             Starved to death
             ... on level 4 of the Dungeon.
             The game lasted 00:10:12 (5596 turns).

Ijustatesigmund the Fighter (Ogre Hunter)           Turns: 5596, Time: 00:10:13

Health: 75/81      AC:  5    Str: 17    XL:     7   Next: 65%
Magic:  7/7        EV: 10    Int: 12    God:
Gold:   221        SH:  0    Dex: 11    Spells: 6/6 levels left

rFire    + . .     SeeInvis .   a - +0 mace
rCold    . . .     Gourm    .   (no shield)
rNeg     . . .     Faith    .   b - +1 robe
rPois    .         Spirit   .   (helmet restricted)
rElec    .         Reflect  .   n - +0 cloak
rCorr    .         Harm     .   (gloves unavailable)
MR       .....                  (boots unavailable)
Stlth    ++........             m - amulet of inaccuracy
HPRegen  0.23/turn              (no ring)
MPRegen  0.10/turn              (no ring)

@: fainting
A: large, unfitting armour, camouflage 1, fire resistance 1, screaming 1, tough
skin 1
a: no special abilities


You were on level 4 of the Dungeon.
You were fainting.

You visited 1 branch of the dungeon, and saw 4 of its levels.
You also visited: Sewer.

You collected 221 gold pieces.

Inventory:

Hand Weapons
 a - a +0 mace (weapon)
Missiles
 c - a large rock (quivered)
 d - 2 throwing nets
Armour
 b - a +1 robe (worn)
 n - a +0 cloak (worn)
Jewellery
 e - an uncursed ring of fire
 j - an uncursed amulet of regeneration
 m - an amulet of inaccuracy (around neck)
Wands
 h - a wand of flame (1)
 i - a wand of random effects (23)
Potions
 g - a potion of cancellation
 k - a potion of haste
 o - a potion of curing
 q - a potion of lignification {unknown}


   Skills:
 + Level 8.8 Fighting
 + Level 4.4 Maces & Flails
 - Level 4.0 Throwing
 - Level 1.7 Dodging
 - Level 0.6 Stealth


You had 6 spell levels left.
You didn't know any spells.
Your spell library was empty.

Dungeon Overview and Level Annotations

Branches:
Dungeon (4/15)
 Temple: D:4-7

Altars:
Wu Jian


Innate Abilities, Weirdness & Mutations

You are too large for most types of armour.
You have tough skin. (AC +1)
Your skin changes colour to match your surroundings (Stealth+).
Your flesh is heat resistant. (rF+)
You occasionally shout uncontrollably at your foes.


Message History

Anything else - Cancel.
You shout for attention!
You lose consciousness!
You can move again.
You lose consciousness!
You can move again.
A ball python comes into view.
Found a chain mail.
The ball python closely misses you.
You miss the ball python.
The ball python bites you but does no damage. x2
You miss the ball python.
The ball python bites you but does no damage.
You miss the ball python. The ball python barely misses you.
The ball python misses you.
You hit the ball python.
You kill the ball python!
Found 18 stones.
You have starved to death.
You die...

....##.........##..#..#
#.................##..
..#...#.........##.....<
.....##<.......##......
#.....##............
###.######.#######..
##....####.#≈≈≈≈≈#.<
#..........#)).≈≈'..
#..@.....(.#≈≈≈≈≈#..
#............#######..
.(.[.......#............
...........######.......
..........## #.......
..........# ..)......
........... .........
........#### .........
......##


There were no monsters in sight!

Vanquished Creatures
  Sigmund (D:3)
  A hungry ghost (D:4)
  Purgy (Sewer)
  An orc priest (D:3)
  Crazy Yiuf (D:3)
  A hound (D:3)
  An orc wizard (D:4)
  Terence (D:3)
  6 adders
  4 gnolls (D:3)
  An ooze (D:2)
  2 worms
  4 dart slugs
  5 orcs
  8 giant cockroaches
  11 goblins
  12 hobgoblins
  3 jackals
  A quokka (D:1)
  A ball python (D:4)
  11 bats
  4 frilled lizards
  6 kobolds
  6 rats
93 creatures vanquished.

Notes
Turn   | Place    | Note
-------+----------+-------------------------------------------
     0 | D:1      | Ijustatesigmund the Ogre Hunter began the quest for the
                  | Orb.
     0 | D:1      | Reached XP level 1. HP: 22/22 MP: 1/1
    65 | D:1      | Reached skill level 3 in Fighting
   347 | D:1      | Reached XP level 2. HP: 32/32 MP: 2/2
   449 | D:1      | Reached skill level 4 in Fighting
  1062 | D:1      | Reached XP level 3. HP: 19/40 MP: 3/3
  1342 | D:2      | Reached skill level 5 in Fighting
  1721 | D:2      | Reached XP level 4. HP: 13/50 MP: 4/4
  2176 | D:2      | Gained mutation: Your flesh is heat resistant. (rF+)
                  | [potion of mutation]
  2176 | D:2      | Gained mutation: You occasionally shout uncontrollably at
                  | your foes. [potion of mutation]
  2176 | D:2      | Gained mutation: Your skin changes colour to match your
                  | surroundings (Stealth+). [potion of mutation]
  2331 | D:3      | Reached skill level 6 in Fighting
  2331 | D:3      | Reached skill level 1 in Maces & Flails
  2347 | D:3      | Reached XP level 5. HP: 35/59 MP: 5/5
  2641 | D:3      | Noticed Sigmund
  2645 | D:3      | Killed Sigmund
  2645 | D:3      | Reached skill level 7 in Fighting
  2645 | D:3      | Reached XP level 6. HP: 60/71 MP: 6/6
  3426 | D:3      | Noticed Terence
  3441 | D:3      | Killed Terence
  4319 | D:3      | Found a runed translucent door.
  4320 | D:3      | Noticed Crazy Yiuf
  4553 | D:3      | Killed Crazy Yiuf
  4591 | D:4      | Found a glowing drain.
  4626 | D:3      | Reached XP level 7. HP: 31/79 MP: 7/7
  4971 | Sewer    | Entered a sewer
  5109 | Sewer    | Noticed Purgy
  5135 | Sewer    | Killed Purgy
  5135 | Sewer    | Reached skill level 8 in Fighting
  5479 | D:4      | Found an ornate altar of the Wu Jian Council.
  5522 | D:4      | Noticed a hungry ghost
  5550 | D:4      | Killed a hungry ghost
  5564 | D:4      | Paralysed by fainting for 6 turns
  5580 | D:4      | Paralysed by fainting for 5 turns
  5596 | D:4      | Starved to death

Levels and vault maps discovered:
D:1:      dpeg_arrival_shrine, layout_loops_corners
D:2:      layout_rooms, solitary_fountain
D:3:      layout_basic, st_stairs_7, uniq_crazy_yiuf_cottage, uniq_terence,
          uniq_sigmund
D:4:      minmay_chambers_of_threes, layout_cave_pools, old_standard_altar,
          nicolae_overflow_crystal_walls, gup_sewer_entry_glass

Skill      XL: |  1  2  3  4  5  6  7 |
---------------+----------------------+-----
Fighting       | 3 4 5 6 7 8 |  8.8
Maces & Flails | 1 2 3 4 |  4.4
Throwing       | |  4.0
Dodging        | |  1.7
Stealth        | |  0.6

Action                   |  1- 3 |  4- 6 |  7- 9 || total
-------------------------+-------+-------+-------++-------
Melee: Short sword       |   137 |    10 |       ||   147
       Whip              |       |   132 |       ||   132
       Mace              |       |    81 |   103 ||   184
Throw: Large rock        |     3 |     7 |    10 ||    20
       Throwing net      |       |     1 |     4 ||     5
  Use: Scroll            |     3 |     4 |     2 ||     9
       Potion            |       |     5 |     1 ||     6
 Stab: Sleeping          |     1 |     3 |       ||     4
       Distracted        |       |       |     1 ||     1
  Eat: Chunk             |     3 |     8 |     3 ||    14
       Ration            |       |       |     2 ||     2
Armor: Robe              |    34 |   120 |    73 ||   227
Dodge: Dodged            |    78 |   186 |   126 ||   390

Table legend:
 A = Non-vault XP
 B = Vault XP
 C = Vault XP percentage of total XP
 D = Non-vault monster count
 E = Vault monster count
 F = Vault count percentage of total count
                 A         B        C        D         E       F
            +---------+---------+-------+---------+---------+-------
      Total |     564 |     437 |  43.7 |      79 |      14 |  15.1
            +---------+---------+-------+---------+---------+-------
        D:1 |      34 |       0 |   0.0 |      20 |       0 |   0.0
        D:2 |      72 |       0 |   0.0 |      23 |       0 |   0.0
        D:3 |     228 |     285 |  55.6 |      31 |       4 |  11.4
        D:4 |     230 |      19 |   7.6 |       5 |       4 |  44.4
      Sewer |       0 |     133 | 100.0 |       0 |       6 | 100.0
            +---------+---------+-------+---------+---------+-------
